 Dungeon Crawl Stone Soup version 0.19.5 (webtiles) character file.

18589 Keye the Brawler (level 12, -10/115 HPs)
             Began as a Troll Monk on May 7, 2017.
             Was the Champion of Okawaru.
             Mangled by a seven-headed hydra (12 damage)
             ... on level 3 of the Lair of Beasts.
             The game lasted 00:24:57 (11833 turns).

Keye the Brawler (Troll Monk)                      Turns: 11833, Time: 00:24:58

Health: -10/115    AC: 11    Str: 26    XL:     12   Next: 29%
Magic:  10/11      EV: 12    Int:  6    God:    Okawaru [******]
Gold:   784        SH:  0    Dex:  9    Spells: 0 memorised, 11 levels left

rFire  + + +     SeeInvis .     A - +0 morningstar
rCold  + . .     Gourm    +     f - +1 troll leather armour
rNeg   + + .     Faith    +     (no shield)
rPois  .         Spirit   .     (helmet restricted)
rElec  +         Reflect  .     Y - +1 cloak of Trial and Error {rElec}
rCorr  .         Harm     .     (gloves unavailable)
MR     .....                    (boots unavailable)
Stlth  +.........               d - amulet "Keostro" {Faith +Inv rF+++ rN+ Dex-3}
                                L - ring of positive energy
                                I - ring of protection from cold

@: no status effects
A: unfitting armour, claws 3, fast metabolism 3, gourmand, regeneration 1,
shaggy fur 1, tough skin 2
a: Heroism, Finesse, Renounce Religion, Evoke Invisibility


You were on level 3 of the Lair of Beasts.
You worshipped Okawaru.
Okawaru was exalted by your worship.
You were completely stuffed.

You visited 3 branches of the dungeon, and saw 15 of its levels.
You also visited: Ossuary.

You collected 784 gold pieces.

Inventory:

Hand Weapons
 A - a +0 morningstar (weapon)
 Q - a +2 fustibalus of freezing
 T - the +8 battleaxe of the First Demons {antimagic, +Inv rN++ Int-5}
   (Okawaru gifted it to you on level 11 of the Dungeon)

   It reduces the magical energy of the wielder, and disrupts the spells and
   magical abilities of those hit.
   Natural abilities and divine invocations are not affected.
   It affects your intelligence (-5).
   It greatly protects you from negative energy.
   It lets you turn invisible.
Armour
 a - a +0 robe
 f - a +1 troll leather armour (worn)
 J - a +2 cloak
 Y - the +1 cloak of Trial and Error (worn) {rElec}
   (Okawaru gifted it to you on level 2 of the Lair of Beasts)

   It insulates you from electricity.
Rods
 i - a +0 rod of shadows (12/12)
   (You found it on level 3 of the Dungeon)
 s - a +0 lightning rod (11/11)
   (You found it on level 3 of the Dungeon)
Jewellery
 d - the amulet "Keostro" (around neck) {Faith +Inv rF+++ rN+ Dex-3}
   (You acquired it on level 7 of the Dungeon)

   [amulet of faith]

   It allows you to gain divine favour quickly.
   It affects your dexterity (-3).
   It renders you almost immune to fire.
   It protects you from negative energy.
   It lets you turn invisible.
 B - an uncursed amulet of regeneration
 I - a ring of protection from cold (left claw)
 L - a ring of positive energy (right claw)
 V - an uncursed ring of resist corrosion {unknown}
Wands
 u - a wand of heal wounds (6/9)
 C - a wand of digging (12/24)
 O - a wand of teleportation (4/9)
Scrolls
 j - 5 scrolls of enchant armour
 k - 4 scrolls of noise {unknown}
 o - 4 scrolls of teleportation
 r - a scroll of blinking
 t - 5 scrolls of remove curse
 v - 2 scrolls of fear
 y - a scroll of recharging {unknown}
 G - 2 scrolls of vulnerability {unknown}
 U - a scroll of enchant weapon
Potions
 c - a potion of lignification {unknown}
 e - 2 potions of haste
 g - 3 potions of brilliance
 h - a potion of heal wounds
 m - 4 potions of flight
 n - 3 potions of invisibility
 p - a potion of ambrosia
 q - 2 potions of magic
 w - 5 potions of curing
 x - a potion of mutation
 D - a potion of berserk rage
 E - 2 potions of might
 F - 7 potions of degeneration {unknown}
 N - 2 potions of cancellation {unknown}
 P - a potion of resistance {unknown}
 W - a potion of agility {unknown}
Books
 R - Sif Muna's Disquisition on the Unstable Compass
   (You found it on level 11 of the Dungeon)

   Spells                             Type                      Level
   a - Beastly Appendage              Transmutation                1
   b - Shroud of Golubria             Charms/Translocation         2
   c - Recall                         Summoning/Translocation      3
   d - Lesser Beckoning               Translocation                3
   e - Ice Form                       Ice/Transmutation            4
   f - Malign Gateway                 Summoning/Translocation      7
 S - a book of Callings

   Spells                             Type                      Level
   a - Summon Small Mammal            Summoning                    1
   b - Call Imp                       Summoning                    2
   c - Call Canine Familiar           Summoning                    3
   d - Summon Guardian Golem          Hexes/Summoning              3
   e - Summon Lightning Spire         Summoning/Air                4
   f - Summon Ice Beast               Ice/Summoning                4
Comestibles
 b - 9 bread rations
 l - 9 meat rations
 z - a slice of pizza
 H - 2 beef jerkies
 K - a royal jelly
 M - 16 fruits
 X - 4 chunks of flesh


   Skills:
 * Level 6.9 Fighting
 * Level 6.3 Armour
 * Level 7.0 Dodging
 - Level 1.0 Stealth
 + Level 15.0 Unarmed Combat


You had 11 spell levels left.
You didn't know any spells.

Dungeon Overview and Level Annotations

Branches:
Dungeon (11/15)            Temple (1/1) D:6            Lair (3/6) D:11
    Orc (0/2) D:11
  Swamp: Lair:2-4    Shoals: Lair:2-4     Snake: Lair:2-4    Spider: Lair:2-4

Altars:
Ashenzari
Cheibriados
Dithmenos
Elyvilon
Fedhas
Gozag
Hepliaklqana
Kikubaaqudgha
Makhleb
Nemelex Xobeh
Okawaru
Qazlal
Ru
Sif Muna
Trog
Uskayaw
Vehumet
Xom
Yredelemnul
Zin
The Shining One

Shops:
D:6 =   D:9 [   D:11 }


Innate Abilities, Weirdness & Mutations

You are too large for most types of armour.
You have claws for hands.
Your metabolism is lightning-fast.
You like to eat raw meat.
Your natural rate of healing is unusually fast.
You are covered in fur. (AC +1)
You have very tough skin. (AC +2)


Message History

The seven-headed hydra bites you but does no damage.
The seven-headed hydra closely misses you.
The seven-headed hydra bites you!
* * * LOW HITPOINT WARNING * * *
The seven-headed hydra barely misses you. x2
The seven-headed hydra bites you.
* * * LOW HITPOINT WARNING * * *
The seven-headed hydra closely misses you.
The seven-headed hydra bites you.
* * * LOW HITPOINT WARNING * * *
The seven-headed hydra bites you.
* * * LOW HITPOINT WARNING * * *
The seven-headed hydra barely misses you.
You barely miss the seven-headed hydra.
The seven-headed hydra is severely wounded.
You feel like a meek peon again. The seven-headed hydra bites you.
* * * LOW HITPOINT WARNING * * *
The seven-headed hydra bites you!
You die...

....... ..##...
...#.#. .#.#...
.....#.#..#....
...............
...............
...............
.......D.......
.......@.......
...............
..#.##.###.....
# ## .... ...
.. $


You could see a seven-headed hydra.

Vanquished Creatures
  The ghost of happy2pester the Carver, a novice HOFi of Okawaru (D:10)
  2 unseen horrors (D:11)
  A hill giant (D:10)
  The ghost of TheForgottenOwl the Carver, a novice MiFi (D:6)
  An oklob plant (Lair:2)
  A manticore (D:11)
  A black mamba (Lair:1)
  A spiny frog (Lair:1)
  A komodo dragon (Lair:1)
  A rime drake (Lair:1)
  3 trolls (D:11)
  The ghost of happy2pester the Slasher, an amateur HOFi (D:4)
  A hornet (D:11)
  5 hippogriffs
  Prince Ribbit (D:6)
  A spriggan (D:10)
  Sigmund (D:4)
  A vampire (D:10)
  A wraith (D:11)
  21 yaks
  2 hungry ghosts (D:11)
  Eustachio (D:6)
  3 water moccasins
  6 orc warriors
  2 porcupines
  A sky beast (D:6)
  3 ice beasts
  A hornet zombie (D:8)
  3 phantoms
  An eye of draining (D:6)
  4 ogres
  3 wolves (Lair:2)
  4 centaurs
  7 crocodiles
  2 big kobolds
  Blork the orc (D:4)
  15 bullfrogs
  A gnoll sergeant (D:8)
  A wyvern skeleton (D:11)
  13 scorpions
  An electric eel (Lair:1)
  3 wights (D:9)
  3 howler monkeys
  5 crimson imps
  5 bullfrog zombies
  4 centaur zombies
  4 human zombies (Ossuary)
  A jelly (D:7)
  12 orc priests
  7 hounds
  14 orc wizards
  An iguana (D:11)
  7 worker ants
  2 big kobold zombies (Ossuary)
  2 hound skeletons
  3 mummies (Ossuary)
  A worker ant zombie (D:9)
  4 gnolls (D:8)
  9 adders
  3 scorpion zombies (Ossuary)
  2 shadow imps
  3 adder skeletons
  2 worms (D:2)
  3 dart slugs
  6 leopard geckos
  63 orcs
  2 ball pythons
  7 bats
  5 giant cockroaches
  2 gnoll zombies (Ossuary)
  9 goblins
  4 hobgoblins
  5 jackals
  4 quokkas
  A frilled lizard (D:5)
  4 goblin zombies (Ossuary)
  A hobgoblin zombie (Ossuary)
  14 kobolds
  3 kobold zombies (Ossuary)
  8 rats
  2 fungi (Lair:2)
  A plant (Lair:2)
363 creatures vanquished.

Vanquished Creatures (others)
  A scorpion (Ossuary)
1 creature vanquished.

Grand Total: 364 creatures vanquished

Notes
Turn   | Place    | Note
-------+----------+-------------------------------------------
     0 | D:1      | Keye the Troll Monk began the quest for the Orb.
     0 | D:1      | Reached XP level 1. HP: 22/22 MP: 0/0
   201 | D:1      | Reached XP level 2. HP: 29/29 MP: 1/1
   266 | D:1      | Reached skill level 4 in Unarmed Combat
   434 | D:1      | Reached XP level 3. HP: 32/36 MP: 2/2
  1437 | D:3      | Found a sacrificial altar of Ru.
  1617 | D:3      | Noticed an angel
  1618 | D:3      | Found a glowing silver altar of Zin.
  1750 | D:3      | Reached XP level 4. HP: 44/44 MP: 3/3
  1804 | D:3      | Reached skill level 5 in Unarmed Combat
  2070 | D:4      | Found a radiant altar of Vehumet.
  2072 | D:4      | Noticed Blork the orc
  2083 | D:4      | Killed Blork the orc
  2083 | D:4      | Reached skill level 6 in Unarmed Combat
  2083 | D:4      | Reached XP level 5. HP: 44/50 MP: 4/4
  2154 | D:4      | Noticed a phantom
  2169 | D:4      | Killed a phantom
  2169 | D:4      | Reached XP level 6. HP: 59/59 MP: 5/5
  2207 | D:4      | Found a sand-covered staircase.
  2211 | Ossuary  | Entered an ossuary
  2229 | Ossuary  | Reached skill level 7 in Unarmed Combat
  2395 | Ossuary  | Reached skill level 8 in Unarmed Combat
  2395 | Ossuary  | Reached XP level 7. HP: 42/66 MP: 6/6
  2640 | Ossuary  | Reached skill level 9 in Unarmed Combat
  2937 | D:4      | Noticed happy2pester's ghost (amateur HOFi)
  2950 | D:4      | Killed happy2pester's ghost
  2950 | D:4      | Reached skill level 10 in Unarmed Combat
  2950 | D:4      | Reached XP level 8. HP: 52/74 MP: 7/7
  3114 | D:4      | Noticed Sigmund
  3120 | D:4      | Killed Sigmund
  3515 | D:4      | Found a burning altar of Makhleb.
  3917 | D:5      | Entered Level 5 of the Dungeon
  3932 | D:5      | Reached skill level 11 in Unarmed Combat
  4317 | D:5      | Reached XP level 9. HP: 48/80 MP: 8/8
  4456 | D:5      | Reached skill level 12 in Unarmed Combat
  4542 | D:5      | Found an opulent altar of Gozag.
  4934 | D:6      | Found a staircase to the Ecumenical Temple.
  4956 | Temple   | Entered the Ecumenical Temple
  5169 | Temple   | Became a worshipper of Warmaster Okawaru
  5169 | Temple   | Reached * piety under Okawaru
  5169 | Temple   | Reached ** piety under Okawaru
  5336 | D:6      | Reached skill level 13 in Unarmed Combat
  5453 | D:6      | Noticed TheForgottenOwl's ghost (novice MiFi)
  5461 | D:6      | Killed TheForgottenOwl's ghost
  5461 | D:6      | Reached *** piety under Okawaru
  5466 | D:6      | Noticed Prince Ribbit
  5467 | D:6      | Noticed Eustachio
  5473 | D:6      | Killed Prince Ribbit
  5479 | D:6      | Killed Eustachio
  5479 | D:6      | Reached skill level 14 in Unarmed Combat
  5501 | D:6      | Reached XP level 10. HP: 77/88 MP: 9/9
  5640 | D:6      | Found Intab's Jewellery Emporium.
  5858 | D:7      | Identified a scroll of acquirement
  5859 | D:7      | Got a warped steel amulet
  5861 | D:7      | Identified the amulet "Keostro" {Faith +Inv rF+++ rN+ Dex-3} (You acquired it on level 7 of the Dungeon)
  5959 | D:7      | Reached **** piety under Okawaru
  6810 | D:8      | Reached skill level 15 in Unarmed Combat
  7095 | D:9      | Found Laasazor's Armour Shop.
  7102 | D:9      | Reached skill level 1 in Armour
  7717 | D:9      | Reached ***** piety under Okawaru
  7962 | D:9      | Found a white marble altar of Elyvilon.
  7962 | D:9      | Found a bloodstained altar of Trog.
  8003 | D:10     | Entered Level 10 of the Dungeon
  8079 | D:10     | Noticed a hill giant
  8080 | D:10     | Noticed happy2pester's ghost (novice HOFi)
  8096 | D:10     | Killed a hill giant
  8102 | D:10     | Killed happy2pester's ghost
  8337 | D:10     | Reached XP level 11. HP: 81/100 MP: 10/10
  8373 | D:10     | Found a glowing golden altar of the Shining One.
  8659 | D:10     | Received a gift from Okawaru
  8815 | D:10     | Reached skill level 5 in Dodging
  8884 | D:10     | Reached skill level 5 in Fighting
  9023 | D:11     | Found Vituig's Gadget Shoppe.
  9081 | D:11     | Found a staircase to the Orcish Mines.
  9266 | D:11     | Found a staircase to the Lair.
  9277 | D:11     | Paralysed by a hornet for 2 turns
  9480 | D:11     | Identified Sif Muna's Disquisition on the Unstable Compass
  9544 | D:11     | Killed an unseen horror
  9544 | D:11     | Reached ****** piety under Okawaru
  9544 | D:11     | Received a gift from Okawaru
  9544 | D:11     | Reached skill level 5 in Armour
  9547 | D:11     | Got an ichor-stained battleaxe {god gift}
  9548 | D:11     | Identified the +8 battleaxe of the First Demons {antimagic, +Inv rN++ Int-5} (Okawaru gifted it to you on level 11 of the Dungeon)
  9837 | D:11     | Killed an unseen horror
 10280 | Lair:1   | Entered Level 1 of the Lair of Beasts
 10476 | Lair:1   | Reached XP level 12. HP: 58/115 MP: 8/11
 11271 | Lair:2   | Received a gift from Okawaru
 11281 | Lair:2   | Got a distressingly furry cloak {god gift}
 11292 | Lair:2   | Identified the +1 cloak of Trial and Error {rElec} (Okawaru gifted it to you on level 2 of the Lair of Beasts)
 11701 | Lair:2   | Found a blossoming altar of Fedhas.
 11822 | Lair:3   | Noticed a seven-headed hydra
 11832 | Lair:3   | HP: 4/115 [seven-headed hydra (5)]
 11833 | Lair:3   | Mangled by a seven-headed hydra

Skill      XL: |  1  2  3  4  5  6  7  8  9 10 11 12 |
---------------+-------------------------------------+-----
Unarmed Combat | 4 6 8 10 11 14 15 | 15.0
Armour         | 3 5 6 |  6.3
Fighting       | 4 6 |  6.9
Dodging        | 4 6 7 |  7.0
Stealth        | |  1.0

Action                   |  1- 3 |  4- 6 |  7- 9 | 10-12 || total
-------------------------+-------+-------+-------+-------++-------
Melee: Unarmed           |    95 |    89 |   304 |   600 ||  1088
       Punch             |       |     2 |    12 |    36 ||    50
       Morningstar       |       |       |       |     8 ||     8
Invok: Heroism           |       |       |     2 |     7 ||     9
  Use: Scroll            |       |       |       |    25 ||    25
 Stab: Sleeping          |     5 |     1 |     1 |       ||     7
       Distracted        |       |       |     1 |       ||     1
  Eat: Chunk             |    21 |     6 |    29 |    61 ||   117
       Bread ration      |       |       |       |     1 ||     1
Armor: Robe              |    41 |    25 |    79 |    90 ||   235
       Troll leather arm |       |       |       |   125 ||   125
Dodge: Dodged            |    39 |    57 |   167 |   249 ||   512
